 Dungeon Crawl Stone Soup version 0.23-a0-586-gacb4b3f (webtiles) character file.

406 inc the Conjurer (level 6, 24/24 HPs)
             Began as a Felid Conjurer on Dec 18, 2018.
             Was an Initiate of Fedhas.
             Quit the game on level 6 of the Dungeon.
             The game lasted 00:10:27 (6895 turns).

inc the Conjurer (Felid Conjurer)                   Turns: 6895, Time: 00:10:28

Health: 24/24      AC:  2    Str:  4    XL:     6   Next: 56%
Magic:  16/16      EV: 18    Int: 19    God:    Fedhas [......]
Gold:   188        SH:  0    Dex: 16    Spells: 11/17 levels left
                                        Lives:  0   Deaths: 2

rFire    . . .     SeeInvis +   (weapon unavailable)
rCold    . . .     Gourm    .   (shield unavailable)
rNeg     . . .     Faith    .   (armour unavailable)
rPois    .         Spirit   .   (helmet unavailable)
rElec    .         Reflect  .   (cloak unavailable)
rCorr    .         Harm     .   (gloves unavailable)
MR       .....                  (boots unavailable)
Stlth    +++.......             (no amulet)
HPRegen  0.08/turn              (no ring)
MPRegen  0.15/turn              (no ring)

@: quick
A: very small, no armour, no weapons or thrown items, stealth, claws 1, fangs 3,
see invisible, carnivore, speed 1, shaggy fur 2, slow metabolism 1, sharp paws
a: Fungal Bloom, Renounce Religion


You were on level 6 of the Dungeon.
You worshipped Fedhas.
Fedhas was noncommittal.
You were not hungry.

You visited 2 branches of the dungeon, and saw 7 of its levels.

You collected 188 gold pieces.

Inventory:

Wands
 i - a wand of enslavement (5)
Scrolls
 c - 4 scrolls of fog {unknown}
 d - a scroll of amnesia
 e - a scroll of noise {unknown}
 f - 4 scrolls of remove curse
 g - 2 scrolls of enchant armour {unknown}
 j - a scroll of teleportation {unknown}
 l - 2 scrolls of blinking {unknown}
 o - 2 scrolls of identify
 p - a scroll of immolation {unknown}
Potions
 a - 2 potions of haste
 h - a potion of curing
 k - a potion of might {unknown}
 m - a potion of degeneration {unknown}
 n - a potion of agility {unknown}
Comestibles
 b - 7 rations


   Skills:
 - Level 2.6 Dodging
 - Level 2.6 Stealth
 + Level 6.2 Spellcasting
 + Level 7.0 Conjurations


You had 11 spell levels left.
You knew the following spells:

 Your Spells              Type           Power        Failure   Level  Hunger
a - Magic Dart            Conj           ####         1%          1    None
b - Searing Ray           Conj           ####..       1%          2    None
c - Dazzling Spray        Conj/Hex       ###...       8%          3    ##.....

Your spell library contained the following spells:

 Spells                   Type           Power        Failure   Level  Hunger
 Iskenderun's Mystic Bla  Conj           ####....     6%          4    ####...
 Force Lance              Conj/Tloc      ###.....     26%         4    ####...
 Fulminant Prism          Conj/Hex       ###.......   26%         4    ####...


Dungeon Overview and Level Annotations

Branches:
Dungeon (6/15)             Temple (1/1) D:5

Altars:
Ashenzari
Cheibriados
Dithmenos
Fedhas
Gozag
Hepliaklqana
Makhleb
Nemelex Xobeh
Okawaru
Qazlal
Ru
Sif Muna
Trog
Uskayaw
Vehumet
Wu Jian
Xom
Yredelemnul
Zin
The Shining One

Annotations:
D:5 Prince Ribbit


Innate Abilities, Weirdness & Mutations

You cannot wear armour.
You are incapable of wielding weapons or throwing items.
Your paws allow you to move quietly. (Stealth)
You have sharp claws.
You have razor-sharp teeth.
You have supernaturally acute eyesight. (SInv)
You are carnivorous and can eat meat at any time.
You cover ground quickly.
You are covered in thick fur. (AC +2)
You have a slow metabolism.
Your sharp claws are effective at attacking unaware monsters.


Message History

(Press . to maintain the ray.)
A gnoll comes into view. It is wielding a +0 spear.
The searing ray hits the gnoll sergeant.
The gnoll sergeant is lightly wounded.
The searing ray hits the gnoll sergeant.
The gnoll sergeant is heavily wounded.
The gnoll sergeant hits you from afar with a +3 spear of distortion!
Space bends around you.
The searing ray hits the gnoll sergeant.
The gnoll sergeant is severely wounded.
The searing ray hits the gnoll.
You kill the gnoll!
Your Conjurations skill increases to level 7!
You finish channeling your searing ray.
The gnoll sergeant hits you from afar with a +3 spear of distortion.
Space warps horribly around you!
You die...
You are now level 6!
You rejoin the land of the living...
Are you sure you want to abandon this character and quit the game? (Confirm

#_###.....# # # ##'####....#
.###. #...# #.#.#### #.#.
###...###...†... #..#
#.#...#.......## ####### #..#
##.#...##.......# #.....# #..#
#.÷#...#........#
#.....###..####..#...##.......#
#.............@..#...###.....##
#.....###..####.##...# #....##
#..†..###..####.##...# #.####
###.##.......##.##...# #.##
##.##.#####.##..#...# #..#
#..##.# #.##.....## ##.#
####.###.# #.##.##### #.#
.........# #.##.# #.#
####.##..#####.##.#### #.#


There were no monsters in sight!

Vanquished Creatures
  Menkaure (D:5)
  A necrophage (D:6)
  A hornet zombie (D:4)
  An ogre (D:5)
  A howler monkey (D:4)
  2 orc priests (D:3)
  Crazy Yiuf (D:2)
  A centaur skeleton (D:4)
  2 orc wizards (D:5)
  Terence (D:3)
  An iguana (D:6)
  A worker ant (D:3)
  Robin (D:2)
  2 gnolls (D:6)
  14 adders
  A shadow imp (D:5)
  2 oozes
  An adder skeleton (D:4)
  A worm (D:3)
  A dart slug (D:2)
  7 leopard geckos
  14 orcs
  2 ball pythons
  7 giant cockroaches
  12 goblins
  16 hobgoblins
  5 jackals
  8 kobolds
  A quokka (D:6)
  12 bats
  9 frilled lizards
  8 rats
138 creatures vanquished.

Notes
Turn   | Place    | Note
-------+----------+-------------------------------------------
     0 | D:1      | inc the Felid Conjurer began the quest for the Orb.
     0 | D:1      | Reached XP level 1. HP: 7/7 MP: 4/4
   276 | D:1      | Reached XP level 2. HP: 11/11 MP: 4/6
   485 | D:1      | Reached skill level 4 in Conjurations
   883 | D:1      | Reached XP level 3. HP: 14/14 MP: 2/8
  1001 | D:2      | Found a glowing silver altar of Zin.
  1002 | D:2      | Noticed Robin
  1024 | D:2      | Learned a level 2 spell: Searing Ray
  1565 | D:2      | Reached XP level 4. HP: 18/18 MP: 2/9
  1903 | D:2      | Learned a level 3 spell: Dazzling Spray
  2011 | D:2      | Killed Robin
  2469 | D:2      | Reached XP level 5. HP: 15/21 MP: 2/11
  2803 | D:2      | Found a runed door.
  2807 | D:2      | Noticed Crazy Yiuf
  2811 | D:2      | Killed Crazy Yiuf
  2811 | D:2      | Reached skill level 5 in Conjurations
  3410 | D:3      | Gained mutation: You are covered in thick fur. (AC +2)
                  | [Felid growth]
  3410 | D:3      | Reached XP level 6. HP: 24/24 MP: 9/13
  3610 | D:3      | Found a shattered altar of Ashenzari.
  4125 | D:3      | Noticed Terence
  4136 | D:3      | Killed Terence
  4667 | D:4      | Slain by a hornet zombie
  4668 | D:4      | Reached XP level 5. HP: -1/21 MP: 4/13
  4668 | D:4      | Found a hide-covered altar of Uskayaw.
  4706 | D:4      | Found an ornate altar of the Wu Jian Council.
  4797 | D:4      | Reached XP level 6. HP: 14/24 MP: 0/14
  4900 | D:4      | Found an iron altar of Okawaru.
  4923 | D:4      | Reached skill level 5 in Spellcasting
  4968 | D:4      | Reached skill level 6 in Conjurations
  5229 | D:5      | Entered Level 5 of the Dungeon
  5392 | D:5      | Found a shadowy altar of Dithmenos.
  5578 | D:5      | Found a staircase to the Ecumenical Temple.
  5584 | Temple   | Entered the Ecumenical Temple
  5776 | Temple   | Became a worshipper of Fedhas Madash
  5822 | D:5      | Noticed Menkaure
  5904 | D:5      | Noticed Prince Ribbit
  5958 | D:5      | Reached XP level 7. HP: 27/27 MP: 1/16
  6217 | D:5      | Killed Menkaure
  6313 | D:5      | Found a hazy altar of Hepliaklqana.
  6760 | D:6      | Found a deep blue altar of Sif Muna.
  6894 | D:6      | Reached skill level 7 in Conjurations
  6894 | D:6      | Slain by a gnoll sergeant
  6895 | D:6      | Reached XP level 6. HP: -4/24 MP: 11/16
  6895 | D:6      | Quit the game

Vault maps used:
D:1:      onia_arrival_mini_spirals, minmay_small_reverse_x
D:2:      kennysheep_big_flooded_room, lemuel_crystal_altar, minivault_14,
          minmay_joined_circles, uniq_robin, uniq_crazy_yiuf_cottage
D:3:      ashenzari_altar_1, first_ration, uniq_terence
D:4:      overflow_temple_1_default, kennysheep_mini, serial_curves,
          eino_curves_04, eino_curves_02, okawaru_metal_pillars_3
D:5:      nicolae_overflow_crystal_walls, grunt_dithmenos_shadows,
          minmay_temple_entry_arrows, elyvilon_altar_5, uniq_menkaure,
          uniq_prince_ribbit1
D:6:      marbit_many_paths, lemuel_blue_sif_altar, serial_shops,
          nicolae_shop_temple_entry_statues_fountains, lightli_orcish_oven
Temple:   nicolae_temple_figure_eight

Skill      XL: |  1  2  3  4  5  6  7 |
---------------+----------------------+-----
Conjurations   | 4 5 6 7 |  7.0
Spellcasting   | 3 4 5 6 |  6.2
Dodging        | |  2.6
Stealth        | |  2.6

Action                   |  1- 3 |  4- 6 |  7- 9 || total
-------------------------+-------+-------+-------++-------
Melee: Unarmed           |     5 |     5 |       ||    10
       Bite              |     1 |     1 |       ||     2
 Cast: Magic Dart        |    83 |   183 |    24 ||   290
       Searing Ray       |       |    13 |     6 ||    19
  Use: Scroll            |       |     4 |       ||     4
  Eat: Chunk             |       |    12 |     2 ||    14
Armor: Skin              |       |     3 |       ||     3
Dodge: Dodged            |    15 |    46 |     3 ||    64

Table legend:
 A = Non-vault XP
 B = Vault XP
 C = Vault XP percentage of total XP
 D = Non-vault monster count
 E = Vault monster count
 F = Vault count percentage of total count
                 A         B        C        D         E       F
            +---------+---------+-------+---------+---------+-------
      Total |    1027 |     369 |  26.4 |     101 |      37 |  26.8
            +---------+---------+-------+---------+---------+-------
        D:1 |      35 |      11 |  23.9 |      22 |       4 |  15.4
        D:2 |      85 |     135 |  61.4 |      19 |      30 |  61.2
        D:3 |     239 |      36 |  13.1 |      32 |       1 |   3.0
        D:4 |     256 |       0 |   0.0 |       8 |       0 |   0.0
        D:5 |     214 |     187 |  46.6 |      11 |       2 |  15.4
        D:6 |     198 |       0 |   0.0 |       9 |       0 |   0.0
            +---------+---------+-------+---------+---------+-------
